AoeStats
← LE | Emaxcito2

Glade

512004544Analyzed
1v1 RM · 9d ago on Oct 7, 2026· 31m 15s· 2 players
Game mode
Random Map
Map size
Tiny (2 player)
Population
200
Speed
Normal
Resources
Standard
Victory
Conquest
Starting age
Dark Age
Ending age
Imperial Age
RankedLock teamsTeams togetherTeam positionsShared explorationLock speedFull tech treeHidden civsTurbo modeCheats
Victory
Defeat
🇵🇪 Italians · Peru
1892
+13
vs
🇧🇷 Italians · Brazil
1823
-13
SSx_SnowwW
7:02 Loom
11:02 Feudal Age
14:55 Castle Age
12:52 Double-Bit Axe
12:58 Horse Collar
17:10 Bow Saw
21:51 Fletching
28:27 Imperial Age
26:14 Gold Mining
27:02 Heavy Plow
27:08 Padded Archer Armor
27:13 Stone Mining
28:12 Bodkin Arrow
29:26 Ballistics
30:21 Chemistry
LE | Emaxcito2
9:56 Feudal Age
14:04 Castle Age
12:13 Double-Bit Axe
12:40 Horse Collar
13:46 Loom
19:45 Bow Saw
22:06 Wheelbarrow
25:46 Imperial Age
23:44 Fletching
24:20 Bodkin Arrow
24:26 Padded Archer Armor
25:18 Ballistics
26:27 Bracer
27:48 Chemistry
29:18 Leather Archer Armor
29:32 Gold Mining
31:46 Ring Archer Armor
Connection lost

Rejoining the realm…

Still unreachable

The connection could not be restored.

Session expired

The server has moved on; the page needs a fresh start.